 Dungeon Crawl Stone Soup version 0.23-a0-356-g1757c6e (webtiles) character file.

13449 Garbasso the Basher (level 12, -1/115 HPs)
             Began as a Gargoyle Monk on Oct 21, 2018.
             Was an Elder of Nemelex Xobeh.
             Slain by a manticore (8 damage)
             ... on level 11 of the Dungeon.
             The game lasted 00:35:34 (10652 turns).

Garbasso the Basher (Gargoyle Monk)                Turns: 10652, Time: 00:35:35

Health: -1/115     AC: 27    Str: 18    XL:     12   Next: 6%
Magic:  18/18      EV:  2    Int: 13    God:    Nemelex Xobeh [****..]
Gold:   514        SH:  0    Dex: 12    Spells: 11/11 levels left

rFire    . . .     SeeInvis .   b - +1 dire flail
rCold    . . .     Gourm    .   (shield currently unavailable)
rNeg     + + +     Faith    .   (armour currently unavailable)
rPois    ∞         Spirit   .   (helmet currently unavailable)
rElec    .         Reflect  .   (cloak currently unavailable)
rCorr    .         Harm     .   (gloves currently unavailable)
MR       .....     NoTele   +   (boots currently unavailable)
Stlth    +++.......             B - amulet of regeneration
HPRegen  0.69/turn              H - +1 ring of protection
MPRegen  0.16/turn              J - ring of stealth

@: tree-form
A: negative energy resistance 1, petrification resistance, rot immunity, AC +8
a: Triple Draw, Deal Four, Renounce Religion


You were on level 11 of the Dungeon.
You worshipped Nemelex Xobeh.
Nemelex Xobeh was greatly pleased with you.
You were hungry.
You were a tree.
You visited 2 branches of the dungeon, and saw 12 of its levels.

You collected 514 gold pieces.

Inventory:

Hand Weapons
 b - a +1 dire flail (weapon)
Missiles
 D - 5 javelins of penetration (quivered)
Armour
 n - +1 storm dragon scales (melded)
 v - a +0 cloak (melded)
 y - a +0 pair of gloves (melded)
 E - a scarf of cloud immunity
Jewellery
 B - an amulet of regeneration (around neck)
 H - a +1 ring of protection (left branch)
 J - a ring of stealth (right branch)
Wands
 f - a wand of digging (3)
 t - a wand of flame (34)
 w - a wand of random effects (63)
 A - a wand of scattershot (3)
 C - a wand of disintegration (30)
Scrolls
 j - a scroll of teleportation
 m - a scroll of enchant armour
 p - a scroll of enchant weapon
 q - 2 scrolls of fog
 r - 5 scrolls of remove curse
 F - a scroll of amnesia
 G - 3 scrolls of identify
 L - 2 scrolls of magic mapping
Potions
 a - a potion of might
 d - 4 potions of haste
 e - 4 potions of mutation
 g - a potion of brilliance
 i - 3 potions of curing
 k - 3 potions of degeneration
 l - a potion of lignification
 o - a potion of heal wounds {unknown}
 s - a potion of resistance
 u - a potion of cancellation {unknown}
 I - a potion of ambrosia {unknown}
Miscellaneous
 x - an ornate deck of summoning {drawn: 5}
 z - a plain deck of summoning
 M - an ornate deck of summoning
Comestibles
 c - 18 rations
 K - 5 chunks of flesh


   Skills:
 + Level 10.1 Fighting
 * Level 12.4 Maces & Flails
 + Level 9.4 Armour
 - Level 2.4 Dodging
 - Level 2.1 Stealth
 + Level 8.8 Invocations


You had 11 spell levels left.
You didn't know any spells.
Your spell library contained the following spells:

 Spells                   Type           Power        Failure   Level  Hunger
 Infusion                 Chrm           #...         30%         1    ##.....
 Shroud of Golubria       Chrm/Tloc      #.........   43%         2    ###....
 Song of Slaying          Chrm           #.......     43%         2    ###....
 Regeneration             Chrm/Necr      #.........   67%         3    ####...
 Spectral Weapon          Hex/Chrm       #.......     67%         3    ####...


Dungeon Overview and Level Annotations

Branches:
Dungeon (11/15)            Temple (1/1) D:4
   Lair: D:8-11         Orc: D:9-12

Altars:
Ashenzari
Cheibriados
Dithmenos
Elyvilon
Fedhas
Gozag
Hepliaklqana
Kikubaaqudgha
Makhleb
Nemelex Xobeh
Okawaru
Qazlal
Ru
Sif Muna
Trog
Uskayaw
Vehumet
Wu Jian
Xom
Yredelemnul
Zin
The Shining One
Lugonu

Shops:
D:6 (


Innate Abilities, Weirdness & Mutations

You are resistant to torment.
((Your stone body is resilient. (AC +8)))
You are immune to poison.
You resist negative energy. (rN+)
((You are resistant to electric shocks. (rElec)))
((You can survive without breathing.))
You are immune to petrification.
You are immune to rotting.


Message History

The manticore claws you!
* * * LOW HITPOINT WARNING * * *
The yak gores you but does no damage.
The yak bellows!
You sock the manticore!
The manticore is severely wounded.
The yak gores you but does no damage. The manticore bites you!
* * * LOW HITPOINT WARNING * * *
The manticore claws you.
* * * LOW HITPOINT WARNING * * *
The manticore claws you but does no damage.
Okay, then.
Evoke which item? (* to show all) (? for menu, Esc to quit)
You draw a card...
It is the Elements.
An orc wizard comes into view. It is wielding a +0 dagger.
The yak gores you.
* * * LOW HITPOINT WARNING * * *
The yak gores you but does no damage. The manticore bites you!
You die...
Your body disappears without a glow. ?P.PPo...P...PP ..P.PPYPPP.PPPP P..PPPP.P.PPPP.

...h..P...PPP..
#....P.PPPPP..P
#P...hY......
#.HYY.....# #♣#
#9# #(# #.# #.#
#.# #.# #(#
#.##


You could see a manticore, 3 yaks, a black bear, an orc wizard, a friendly
catoblepas, a friendly polar bear and a friendly molten gargoyle.

Vanquished Creatures
  Harold (D:8)
  A centaur warrior (D:11)
  A two-headed ogre (D:8)
  The ghost of soark the Destroyer, a novice DECj (D:8)
  A deep elf mage (D:10)
  Pikel (D:7)
  Maurice (D:9)
  A merfolk (D:10)
  A hornet (D:5)
  2 hippogriffs
  A wyvern (D:10)
  A hungry ghost (D:8)
  4 yaks
  A vampire mosquito (D:9)
  A steam dragon (D:10)
  A water moccasin (D:6)
  Duvessa (D:7)
  3 porcupines (D:11)
  6 ice beasts
  3 orc warriors
  A swamp drake (D:8)
  3 black bears
  A slave (D:7)
  2 ogres
  2 sky beasts
  2 necrophages (D:10)
  2 phantoms (D:9)
  2 wolves
  5 centaurs
  A big kobold (D:5)
  A crocodile (D:11)
  An elf zombie (D:10)
  4 bullfrogs
  2 wyvern skeletons
  2 scorpions
  A troll skeleton (D:10)
  8 killer bees (D:10)
  4 howler monkeys
  2 wights (D:10)
  6 crimson imps
  A jelly (D:7)
  A quasit (D:5)
  A bullfrog zombie (D:8)
  6 hounds
  A human zombie (D:10)
  3 bullfrog skeletons
  A centaur skeleton (D:6)
  A human skeleton (D:10)
  4 orc priests
  7 orc wizards
  3 iguanas
  8 worker ants
  A killer bee zombie (D:8)
  2 ogre zombies (D:10)
  A centaur simulacrum (D:8)
  A hound zombie (D:10)
  A mummy (D:10)
  A howler monkey zombie (D:8)
  A gnoll (D:8)
  11 adders
  A river rat (D:5)
  4 shadow imps
  2 white imps
  An ufetubus (D:8)
  An ooze (D:2)
  3 adder skeletons
  3 worms
  3 dart slugs
  4 leopard geckos
  35 orcs
  3 ball pythons
  6 bats
  8 giant cockroaches
  6 goblins
  7 hobgoblins
  4 jackals
  A quokka (D:3)
  5 frilled lizards
  A jackal zombie (D:5)
  17 kobolds
  A leopard gecko skeleton (D:4)
  A quokka simulacrum (D:8)
  2 quokka zombies
  7 rats
  A fungus (D:1)
268 creatures vanquished.

Vanquished Creatures (collateral kills)
  A death knight (D:8)
  A two-headed ogre (D:9)
  Joseph (D:8)
  A troll (D:8)
  Prince Ribbit (D:8)
  A wraith (D:10)
  Sigmund (D:5)
  A vampire mosquito (D:9)
  Menkaure (D:7)
  A sky beast (D:5)
  A phantom (D:5)
  An ice beast (D:9)
  An ogre (D:7)
  A centaur (D:7)
  Dowan (D:7)
  A scorpion (D:7)
  3 killer bees (D:10)
  An electric eel (D:8)
  A wight (D:5)
  2 howler monkeys
  A hound (D:7)
  An orc priest (D:5)
  3 orc wizards
  An adder (D:5)
  A white imp (D:8)
  6 orcs
  A jackal (D:8)
37 creatures vanquished.

Vanquished Creatures (others)
  A slave (D:7)
  A bullfrog (D:8)
  A jelly (D:7)
  A shadow imp (D:10)
  4 orcs
  A frilled lizard (D:8)
  A kobold (D:10)
  9 fungi (D:11)
  10 plants (D:11)
29 creatures vanquished.

Grand Total: 334 creatures vanquished

Notes
Turn   | Place    | Note
-------+----------+-------------------------------------------
     0 | D:1      | Garbasso the Gargoyle Monk began the quest for the Orb.
     0 | D:1      | Reached XP level 1. HP: 14/14 MP: 1/1
   314 | D:1      | Reached XP level 2. HP: 10/19 MP: 2/2
   650 | D:1      | Reached skill level 1 in Armour
  1221 | D:2      | Found a hazy altar of Hepliaklqana.
  1224 | D:2      | Reached XP level 3. HP: 23/23 MP: 3/3
  1624 | D:2      | Found a shadowy altar of Dithmenos.
  1901 | D:2      | Reached skill level 4 in Maces & Flails
  2066 | D:2      | Reached XP level 4. HP: 29/29 MP: 4/4
  2270 | D:3      | Found a glowing golden altar of the Shining One.
  2301 | D:3      | Reached XP level 5. HP: 18/33 MP: 5/5
  2472 | D:3      | Found a basalt altar of Yredelemnul.
  2841 | D:4      | Reached skill level 5 in Maces & Flails
  2851 | D:4      | Reached XP level 6. HP: 39/39 MP: 6/6
  2926 | D:4      | Found an ancient bone altar of Kikubaaqudgha.
  2928 | D:4      | Found a sacrificial altar of Ru.
  3042 | D:4      | Found a staircase to the Ecumenical Temple.
  3051 | Temple   | Entered the Ecumenical Temple
  3272 | D:4      | Found a sparkling altar of Nemelex Xobeh.
  3280 | D:4      | Became a worshipper of Nemelex Xobeh the Trickster
  3280 | D:4      | Received a gift from Nemelex Xobeh
  3280 | D:4      | Reached * piety under Nemelex Xobeh
  3280 | D:4      | Reached ** piety under Nemelex Xobeh
  3492 | D:4      | Found a burning altar of Makhleb.
  3560 | D:5      | Entered Level 5 of the Dungeon
  3562 | D:5      | Found a glowing drain.
  3572 | D:5      | Reached skill level 5 in Fighting
  3572 | D:5      | Reached XP level 7. HP: 38/44 MP: 7/7
  3612 | D:5      | Reached skill level 1 in Invocations
  3616 | D:5      | Reached skill level 6 in Maces & Flails
  3720 | D:5      | Noticed Sigmund
  3723 | D:5      | Killed Sigmund
  3755 | D:5      | Received a gift from Nemelex Xobeh
  3801 | D:5      | Found a radiant altar of Vehumet.
  3801 | D:5      | Found an iron altar of Okawaru.
  3801 | D:5      | Found a shattered altar of Ashenzari.
  3934 | D:5      | Reached XP level 8. HP: 50/50 MP: 9/9
  4046 | D:5      | Noticed a wyvern
  4046 | D:5      | Noticed a wyvern
  4046 | D:5      | Noticed a wyvern
  4075 | D:5      | Reached skill level 7 in Maces & Flails
  4083 | D:5      | Noticed a hornet
  4112 | D:5      | Killed a hornet
  4339 | D:5      | Reached skill level 5 in Armour
  4918 | D:6      | Reached skill level 8 in Maces & Flails
  4918 | D:6      | Reached XP level 9. HP: 25/56 MP: 10/12
  5151 | D:6      | Found Huololy's Antique Weapon Boutique.
  5380 | D:6      | Received a gift from Nemelex Xobeh
  5614 | D:6      | Found a shimmering altar of Xom.
  5614 | D:6      | Found a shimmering altar of Xom.
  6170 | D:7      | Noticed Menkaure
  6178 | D:7      | Killed Menkaure
  6229 | D:7      | Reached *** piety under Nemelex Xobeh
  6234 | D:7      | Found an ornate altar of the Wu Jian Council.
  6257 | D:7      | Noticed Pikel
  6276 | D:7      | Killed Pikel
  6276 | D:7      | Reached skill level 5 in Invocations
  6284 | D:7      | Reached skill level 9 in Maces & Flails
  6496 | D:7      | Received a gift from Nemelex Xobeh
  6536 | D:7      | Found a blossoming altar of Fedhas.
  6819 | D:7      | Noticed Dowan
  6820 | D:7      | Noticed Duvessa
  6826 | D:7      | Killed Duvessa
  6830 | D:7      | Killed Dowan
  7046 | D:7      | Received a gift from Nemelex Xobeh
  7397 | D:7      | Found a snail-covered altar of Cheibriados.
  7485 | D:8      | Reached XP level 10. HP: 64/64 MP: 14/14
  7662 | D:8      | Found a runed door.
  7665 | D:8      | Noticed soark's ghost (novice DECj)
  7665 | D:8      | Noticed Joseph
  7668 | D:8      | Noticed Prince Ribbit
  7703 | D:8      | Killed Joseph
  7720 | D:8      | Reached skill level 10 in Maces & Flails
  8160 | D:8      | Noticed Harold
  8171 | D:8      | Killed Harold
  8195 | D:8      | Noticed a two-headed ogre
  8200 | D:8      | Killed a two-headed ogre
  8201 | D:8      | Noticed a death knight
  8214 | D:8      | Killed Prince Ribbit
  8232 | D:8      | Killed a death knight
  8232 | D:8      | Reached skill level 11 in Maces & Flails
  8232 | D:8      | Reached XP level 11. HP: 27/69 MP: 16/16
  8338 | D:8      | Found a stormy altar of Qazlal.
  8446 | D:8      | Killed soark's ghost
  8656 | D:9      | Noticed a two-headed ogre
  8663 | D:9      | Killed a two-headed ogre
  8994 | D:9      | Reached **** piety under Nemelex Xobeh
  9144 | D:9      | Noticed Maurice
  9240 | D:9      | Killed Maurice
  9451 | D:10     | Entered Level 10 of the Dungeon
  9754 | D:10     | Received a gift from Nemelex Xobeh
 10033 | D:10     | Found an ancient bone altar of Kikubaaqudgha.
 10222 | D:10     | Noticed a deep elf mage
 10238 | D:10     | Killed a deep elf mage
 10238 | D:10     | Reached skill level 12 in Maces & Flails
 10400 | D:10     | Received a gift from Nemelex Xobeh
 10570 | D:11     | Noticed a centaur warrior
 10589 | D:11     | Killed a centaur warrior
 10589 | D:11     | Reached skill level 10 in Fighting
 10603 | D:11     | Reached XP level 12. HP: 68/77 MP: 18/18
 10652 | D:11     | Slain by a manticore

Vault maps used:
D:1:      dpeg_cavernosity
D:2:      grunt_dithmenos_smoke_and_mirrors, nicolae_overflow_hidden_temple,
          serial_rivers, chequers_serial_rivers_micro_c,
          chequers_serial_rivers_marsh, chequers_serial_rivers_large_a,
          chequers_serial_rivers_micro_e, chequers_serial_rivers_room_a,
          patterned_corridor
D:3:      overflow_temple_1_default, yredelemnul_altar_generic, serial_glass,
          glass_columns_a, glass_columns_c, glass_columns_a, glass_columns_a,
          dk_noncrumbling_4
D:4:      makhleb_grotto_becter, nemelex_altar_shiori, minitemple,
          minmay_temple_entry_junction
D:5:      kennysheep_windowed_halls, chequers_temple_overflow_statue_of_worship,
          portal_sewer_entry_a, first_ration, uniq_sigmund
D:6:      serial_shops, shop, xom_redecorated
D:7:      cheibrodos_worm_habitat, fedhas_ov_isle_minmay,
          overflow_temple_1_default, minmay_fire_ice_demons, uniq_menkaure,
          uniq_pikel, uniq_duvessa
D:8:      nicolae_qazlal_eye_of_the_storm, serial_ice, serial_ice_e,
          serial_ice_k, serial_ice_g, serial_ice_o,
          hellmonk_ghost_happy_afterlife, uniq_prince_ribbit1, uniq_harold,
          uniq_joseph
D:9:      uniq_maurice
D:10:     hangedman_stone_soup, minivault_25_ag,
          lemuel_mausoleum_altar_kikubaaqudgha
D:11:     due_lair_maze_entry_diamond, hiddenorc2_lemuel, basic_altar,
          minivault_10, corexii_hall_statues_i
Temple:   corrupted_temple

Skill      XL: |  1  2  3  4  5  6  7  8  9 10 11 |
---------------+----------------------------------+-----
Armour         | 1 2 3 4 5 6 8 9 |  9.4
Maces & Flails | 4 5 6 8 9 11 12 | 12.4
Fighting       | 4 5 6 7 8 10 | 10.1
Invocations    | 2 4 5 7 8 |  8.8
Dodging        | |  2.4
Stealth        | |  2.1

Action                   |  1- 3 |  4- 6 |  7- 9 | 10-12 || total
-------------------------+-------+-------+-------+-------++-------
Melee: Mace              |    70 |       |       |       ||    70
       Short sword       |    43 |   135 |    14 |       ||   192
       Morningstar       |       |       |    97 |       ||    97
       Dire flail        |       |       |   252 |   679 ||   931
Evoke: Deck              |       |       |    10 |    28 ||    38
  Use: Scroll            |       |     8 |     9 |     4 ||    21
       Potion            |       |       |     1 |     1 ||     2
 Stab: Distracted        |       |       |     2 |       ||     2
       Confused          |       |       |       |     1 ||     1
  Eat: Chunk             |     4 |     5 |    11 |    11 ||    31
       Ration            |       |       |     1 |       ||     1
Armor: Robe              |     8 |       |       |       ||     8
       Ring mail         |    35 |       |       |       ||    35
       Plate armour      |    24 |    96 |       |       ||   120
       Storm dragon scal |       |    16 |   302 |   460 ||   778
       Skin              |       |       |    17 |     6 ||    23
Dodge: Dodged            |    58 |    33 |   172 |   270 ||   533
Block: Buckler           |       |     1 |    19 |       ||    20

Table legend:
 A = Non-vault XP
 B = Vault XP
 C = Vault XP percentage of total XP
 D = Non-vault monster count
 E = Vault monster count
 F = Vault count percentage of total count
                 A         B        C        D         E       F
            +---------+---------+-------+---------+---------+-------
      Total |   11375 |    7838 |  40.8 |     232 |      73 |  23.9
            +---------+---------+-------+---------+---------+-------
        D:1 |      26 |       7 |  21.2 |      18 |       4 |  18.2
        D:2 |      50 |       0 |   0.0 |      16 |       0 |   0.0
        D:3 |     176 |       0 |   0.0 |      29 |       0 |   0.0
        D:4 |     303 |      50 |  14.2 |      13 |       1 |   7.1
        D:5 |     514 |    1054 |  67.2 |      19 |      25 |  56.8
        D:6 |     708 |       0 |   0.0 |      22 |       0 |   0.0
        D:7 |     820 |     883 |  51.8 |      15 |       7 |  31.8
        D:8 |    3073 |    2503 |  44.9 |      33 |      13 |  28.3
        D:9 |    2069 |     493 |  19.2 |      23 |       1 |   4.2
       D:10 |    2336 |    1827 |  43.9 |      38 |      15 |  28.3
       D:11 |    1300 |    1021 |  44.0 |       6 |       7 |  53.8
            +---------+---------+-------+---------+---------+-------
